 Dungeon Crawl Stone Soup version 0.32-a0-791-gfc315c9ecd (webtiles) character file.

Game seed: 9854954375276564098

607 Descartes the Digger (level 7, -1/50 HPs)
             Began as a Mountain Dwarf Earth Elementalist on Mar 20, 2024.
             Was an Initiate of Gozag.
             Splashed by a jelly's acid (9 damage)
             ... on level 5 of the Dungeon.
             The game lasted 00:06:36 (3893 turns).

Descartes the Digger (MDEE)                         Turns: 3893, Time: 00:06:38

Health: -1/50      AC: 11    Str: 12    XL:     7   Next: 19%
Magic:  13/21      EV:  2    Int: 16    God:    Gozag
Gold:   139        SH:  0    Dex: 15    Spells: 12/13 levels left

rFire   + . .        n - +1 dagger "Beetleslayer" {flame, Dex+5}
rCold   + + .        (no shield)
rNeg    . . .        d - +0 plate armour
rPois   .            (no helmet)
rElec   .            w - scarf {rC+ rF+}
rCorr   .            (no gloves)
SInv    .            (no boots)
Will    .....        (no amulet) Stlth
                     a - ring of protection from cold
HPRegen 0.28/turn    u - ring of magical power
MPRegen 0.17/turn

%: no passive effects
@: lethally poisoned (-1 -> -7), gold aura
A: runic magic, artefact enchanting
a: Renounce Religion, Potion Petition, Call Merchant, Bribe Branch


You were on level 5 of the Dungeon.
You worshipped Gozag.
Gozag was aware of your devotion.
You visited 2 branches of the dungeon, and saw 6 of its levels.

You collected 210 gold pieces.
You paid 71 gold pieces to Gozag.

Inventory:

Hand Weapons
 f - a +0 whip
 m - a +0 quarterstaff
 n - the +1 dagger "Beetleslayer" (weapon) {flame, Dex+5}
   (You found it on level 2 of the Dungeon)

   Dex+5:     It affects your dexterity (+5).
Missiles
 q - 8 poisoned darts
Armour
 d - a +0 plate armour (worn)
 w - a scarf of resistance (worn)
Jewellery
 a - a ring of protection from cold (left hand)
 t - a ring of poison resistance
 u - a ring of magical power (right hand)
 v - a +6 ring of intelligence
 y - an amulet of faith
Scrolls
 c - 4 scrolls of identify {unknown}
 e - 2 scrolls of teleportation {unknown}
 g - 2 scrolls of fog {unknown}
 h - a scroll of fear {unknown}
 k - 2 scrolls of poison {unknown}
 l - a scroll of silence {unknown}
 r - a scroll of torment {unknown}
Potions
 b - a potion of magic
 i - 3 potions of berserk rage {unknown}
 j - a potion of curing {unknown}
 o - 2 potions of enlightenment {unknown}
 p - a potion of mutation {unknown}
 s - a potion of might {unknown}
 x - a potion of ambrosia {unknown}


   Skills:
 + Level 3.2 Armour
 - Level 1.3 Dodging
 - Level 1.4 Stealth
 + Level 3.7 Spellcasting
 + Level 3.6 Conjurations
 + Level 5.5 Earth Magic


You had 12 spell levels left.
You knew the following spells:

 Your Spells              Type           Power      Damage    Failure   Level
a - Sandblast             Erth           40%        2d10      7%          1

Your spell library contained the following spells:

 Spells                   Type           Power      Damage    Failure   Level
 Passwall                 Erth           20%        N/A       21%         3
 Stone Arrow              Conj/Erth      34%        3d9       28%         3
 Sting                    Conj/Alch      32%        1d5       30%         1
 Apportation              Tloc           6%         N/A       54%         1
 Freeze                   Ice            12%        1d3       54%         1
 Necrotise                Necr           12%        1d4       54%         1
 Summon Small Mammal      Summ           12%        N/A       54%         1
 Hailstorm                Conj/Ice       8%         3d5       65%         3
 Mercury Vapours          Alch/Air       6%         N/A       67%         2
 Brom's Barrelling Bould  Conj/Erth      17%        2d4       67%         4
 Mephitic Cloud           Conj/Alch/Air  6%         N/A       75%         3
 Frozen Ramparts          Ice            6%         1d1       88%         3
 Petrify                  Alch/Erth      11%        N/A       90%         4
 Freezing Cloud           Conj/Ice/Air   3%         6-21      100%        5


Dungeon Overview and Level Annotations

Branches:
Dungeon (5/15)             Temple (1/1) D:5

Altars:
Ashenzari
Cheibriados
Dithmenos
Elyvilon
Fedhas
Gozag
Hepliaklqana
Kikubaaqudgha
Makhleb
Nemelex Xobeh
Okawaru
Qazlal
Ru
Sif Muna
Uskayaw
Vehumet
Wu Jian
Xom
Yredelemnul
Zin
The Shining One


Innate Abilities, Weirdness & Mutations

Your spellcasting is much less encumbered by armour.
You can use scrolls of enchantment on lesser artefacts.


Message History

Aiming: Sandblast (safe; 7% risk of failure)
Press: ? - help, Shift-Dir - straight line, f/p - scorpion
Aim: a scorpion (heavily wounded, 83% to hit)
The blast of sand hits the scorpion but does no damage.
The scorpion is heavily wounded.
You feel very sick. The scorpion stings you. x2
You are more poisoned.
The scorpion poisons you!
You feel very sick.
Casting: Sandblast (safe; 7% risk of failure)
Confirm with . or Enter, or press ? or * to list all spells.
Aiming: Sandblast (safe; 7% risk of failure)
Press: ? - help, Shift-Dir - straight line, f/p - scorpion
Aim: a scorpion (heavily wounded, 83% to hit)
The blast of sand hits the scorpion.
The scorpion is severely wounded.
You feel extremely sick. The scorpion completely misses you.
The scorpion stings you.
Casting: Sandblast (safe; 7% risk of failure)
Confirm with . or Enter, or press ? or * to list all spells.
Aiming: Sandblast (safe; 7% risk of failure)
Press: ? - help, Shift-Dir - straight line, f/p - scorpion
Aim: a scorpion (severely wounded, 83% to hit)
The blast of sand hits the scorpion!
You kill the scorpion!
* * * LOW HITPOINT WARNING * * *
You feel very sick. The jelly barely misses you.
Casting: Sandblast (safe; 7% risk of failure)
Confirm with . or Enter, or press ? or * to list all spells.
Aiming: Sandblast (safe; 7% risk of failure)
Press: ? - help, Shift-Dir - straight line
* * * LOW HITPOINT WARNING * * *
You feel very sick. The jelly hits you.
* * * LOW HITPOINT WARNING * * *
You are splashed with acid!
You die...
Your body crumbles into a pile of gold.

...........○#>## #.#
...........○#..## #.#
............#.#.######.#
........☼°..#..........#
............#.#.#########
............#....<# §≈≈≈
............#....## ...§
........○...#.#####≈.##
............#...@J'..ß#
............#######≈.##
............ ...$
....>......° ≈≈≈§
############ ###


You could see a jelly.

Vanquished Creatures
  The ghost of whodunnit the Shooter, an amateur CoHu (D:4)
  A phantom (D:4)
  2 scorpions
  A bullfrog zombie (D:4)
  A centaur skeleton (D:4)
  2 iguanas (D:3)
  A mummy (D:4)
  7 gnolls
  A howler monkey skeleton (D:4)
  3 adders
  2 dart slugs
  2 ribbon worms
  2 orcs (D:4)
  3 endoplasms
  2 giant cockroaches
  8 goblins
  3 hobgoblins
  3 jackals
  9 kobolds
  A quokka (D:1)
  4 ball pythons
  6 bats
  4 frilled lizards
  4 rats
73 creatures vanquished.

Notes
Turn   | Place    | Note
-------+----------+-------------------------------------------
     0 | D:1      | Descartes the Mountain Dwarf Earth Elementalist began the
                  | quest for the Orb.
     0 | D:1      | Reached XP level 1. HP: 14/14 MP: 3/3
    20 | D:1      | Reached skill level 1 in Conjurations
   212 | D:1      | Reached XP level 2. HP: 16/20 MP: 0/5
  1189 | D:1      | Reached XP level 3. HP: 18/26 MP: 0/6
  1275 | D:2      | Reached skill level 4 in Earth Magic
  1360 | D:2      | Identified the +1 dagger "Beetleslayer" {flame, Dex+5}
  1399 | D:2      | Found a basalt altar of Yredelemnul.
  1489 | D:2      | Reached XP level 4. HP: 31/33 MP: 3/7
  1987 | D:3      | Found a faded altar of an unknown god.
  2243 | D:4      | Noticed a scorpion
  2251 | D:3      | Reached skill level 1 in Armour
  2251 | D:3      | Reached XP level 5. HP: 26/38 MP: 4/9
  2549 | D:4      | Noticed a phantom
  2558 | D:4      | Killed a phantom
  2598 | D:4      | Reached XP level 6. HP: 34/45 MP: 3/10
  2733 | D:4      | Found a transporter.
  2736 | D:4      | Noticed whodunnit's ghost (amateur CoHu)
  3209 | D:4      | Found a broken altar of Ashenzari.
  3210 | D:4      | Found a snail-covered altar of Cheibriados.
  3428 | D:4      | Found a transporter.
  3446 | D:4      | Killed whodunnit's ghost
  3447 | D:4      | Reached skill level 5 in Earth Magic
  3457 | D:4      | Reached XP level 7. HP: 33/50 MP: 4/12
  3702 | D:5      | Entered Level 5 of the Dungeon
  3771 | D:5      | Found a staircase to the Ecumenical Temple.
  3780 | Temple   | Entered the Ecumenical Temple
  3785 | Temple   | Became a worshipper of Gozag Ym Sagoz the Greedy
  3893 | D:5      | Splashed by a jelly's acid

Illustrated notes

Levels and vault maps discovered:
D:1:      tarquinn_simple_flora_water_d, layout_loops_ring
D:2:      layout_rooms, basic_altar
D:3:      layout_rooms, shapermc_ecumenical_altar_mp_urbaneastern
D:4:      layout_loops_ring, mainiacjoe_overflow_divided_tiny,
          gammafunk_ghost_mausoleum
D:5:      layout_loops_ring, lemuel_temple_firewalk_b,
          kennysheep_generic_room_11, uniq_ijyb
Temple:   compressed_dpeg_triangle_lava_temple

Skill      XL: |  1  2  3  4  5  6 |
---------------+-------------------+-----
Conjurations   | 1 2 3 |  3.6
Spellcasting   | 2 3 |  3.7
Earth Magic    | 4 5 |  5.5
Armour         | 1 2 3 |  3.2
Dodging        | |  1.3
Stealth        | |  1.4

Action                     |  1- 3 |  4- 6 |  7- 9 || total
---------------------------+-------+-------+-------++-------
  Melee: Unarmed           |     3 |       |       ||     3
         Whip              |     1 |       |       ||     1
         Quarterstaff      |     4 |       |       ||     4
         Dagger            |       |     5 |       ||     5
   Cast: Sandblast         |    43 |    86 |    14 ||   143
 Armour: Robe              |     3 |       |       ||     3
         Plate armour      |    56 |    84 |    12 ||   152
  Dodge: Dodged            |     1 |     8 |     2 ||    11

Table legend: (Time is in decaauts)
 A = Elapsed time spent in this place.
 B = Non-inter-level travel time spent in this place.
 C = Inter-level travel time spent in this place.
 D = Time resting spent in this place.
 E = Time spent auto-exploring this place.
 F = Levels seen in this place.
 G = Mean time per level.
                   A        B        C        D        E       F      G
               +--------+--------+--------+--------+--------+-----+--------+
         Total |   3964 |   3688 |    276 |      0 |   3135 |   6 |  660.7 |
       Dungeon |   3953 |   3677 |    276 |      0 |   3135 |   5 |  790.6 |
        Temple |     10 |     10 |      0 |      0 |      0 |   1 |   10.0 |
               +--------+--------+--------+--------+--------+-----+--------+

Top non-repeatable levels by time:
     D:4: 1336 daAuts
     D:1: 954 daAuts
     D:3: 793 daAuts
     D:2: 683 daAuts
     D:5: 186 daAuts
  Temple: 10 daAuts
